 Dungeon Crawl Stone Soup version 0.23-a0-171-g5ae17c6 (webtiles) character file.

84 grindst0ne the Cutter (level 4, -4/28 HPs)
             Began as a Kobold Berserker on Sept 12, 2018.
             Was a Believer of Trog.
             Slain by a wyvern skeleton (15 damage)
             ... on level 3 of the Dungeon.
             The game lasted 00:03:04 (2027 turns).

grindst0ne the Cutter (Kobold Berserker)            Turns: 2027, Time: 00:03:04

Health: -4/28      AC:  2    Str: 15    XL:     4   Next: 72%
Magic:  4/4        EV: 17    Int:  8    God:    Trog [**....]
Gold:   106        SH:  0    Dex: 16    Spells: 3/3 levels left

rFire    . . .     SeeInvis .   a - +0 short sword
rCold    . . .     Gourm    .   (shield restricted)
rNeg     . . .     Faith    .   b - +0 animal skin
rPois    .         Spirit   .   (no helmet)
rElec    .         Reflect  .   (no cloak)
rCorr    .         Harm     .   (no gloves)
MR       .....                  (no boots)
Stlth    +.........             d - amulet of inaccuracy (curse)
HPRegen  0.09/turn              m - +2 ring of dexterity
MPRegen  0.09/turn              (no ring)

@: lethally poisoned (-4 -> -11)
A: small, carnivore
a: Berserk, Trog's Hand, Renounce Religion


You were on level 3 of the Dungeon.
You worshipped Trog.
Trog was pleased with you.
You were completely stuffed.

You visited 1 branch of the dungeon, and saw 3 of its levels.

You collected 106 gold pieces.

Inventory:

Hand Weapons
 a - a +0 short sword (weapon)
Armour
 b - a +0 animal skin (worn)
 i - a +1 buckler
Jewellery
 d - a cursed amulet of inaccuracy (around neck)
 j - a +4 amulet of reflection {unknown}
 m - a +2 ring of dexterity (left hand)
Scrolls
 e - a scroll of teleportation
Potions
 f - a potion of degeneration {unknown}
 g - a potion of brilliance
 h - 2 potions of magic
 k - a potion of curing {unknown}
 l - a potion of invisibility {unknown}
Comestibles
 c - 6 rations


   Skills:
 - Level 3.2 Fighting
 + Level 5.5 Short Blades
 - Level 1.5 Armour
 + Level 4.2 Dodging


You had 3 spell levels left.
You didn't know any spells.
Your spell library was empty.

Dungeon Overview and Level Annotations

Branches:
Dungeon (3/15)

Altars:

Annotations:
D:2 exclusion: downstairs


Innate Abilities, Weirdness & Mutations

You are small and have problems with some larger weapons.
You are carnivorous and can eat meat at any time.


Message History

The kobold wields a blowgun.
The kobold shoots a poisoned needle.
The poisoned needle barely misses you.
A giant cockroach comes into view.
The kobold shoots a poisoned needle.
The poisoned needle hits you!
You are poisoned.
You see here a poisoned needle.
You feel sick.
You feel sick.
You feel sick.
A goblin comes into view.
The wyvern skeleton bites you!
The goblin shouts!
You hit the wyvern skeleton.
The wyvern skeleton is lightly damaged.
The wyvern skeleton bites you.
You hit the wyvern skeleton.
The wyvern skeleton is moderately damaged.
You feel sick. The wyvern skeleton bites you!
Ouch! That really hurt!
You die...

#.# .. ###..#....
######..†...s..
.##.>#....(.g#
......####..# ...
#..# ###K.# #..
###..####...## ..
#.........#Z#
#.###.......###@#
#..##.......###.###
##.##..............
#.....#####.....###
#.<...# ...####
#.....# #.#.#
#....## #...#
#....# ## ## #....#


You could see a goblin, a kobold and a wyvern skeleton.

Vanquished Creatures
  2 adders (D:2)
  A gnoll (D:1)
  2 oozes
  A worm (D:2)
  A dart slug (D:2)
  3 leopard geckos
  5 bats
  5 giant cockroaches
  3 goblins
  3 hobgoblins
  A ball python (D:1)
  4 frilled lizards
  4 kobolds
  6 rats
41 creatures vanquished.

Notes
Turn   | Place    | Note
-------+----------+-------------------------------------------
     0 | D:1      | grindst0ne the Kobold Berserker began the quest for the
                  | Orb.
     0 | D:1      | Reached XP level 1. HP: 14/14 MP: 1/1
   379 | D:1      | Reached XP level 2. HP: 17/19 MP: 2/2
   529 | D:1      | Reached XP level 3. HP: 14/23 MP: 3/3
   814 | D:1      | Reached skill level 5 in Short Blades
  1285 | D:2      | Reached XP level 4. HP: 27/28 MP: 4/4
  1570 | D:2      | Reached ** piety under Trog
  2027 | D:3      | Slain by a wyvern skeleton

Vault maps used:
D:1:      dpeg_arrival_solitude
D:3:      lemuel_round_altar

Skill      XL: |  1  2  3  4 |
---------------+-------------+-----
Dodging        | 3 4 |  4.2
Short Blades   | 5 |  5.5
Fighting       | |  3.2
Armour         | |  1.5

Action                   |  1- 3 |  4- 6 || total
-------------------------+-------+-------++-------
Melee: Short sword       |    81 |    69 ||   150
Invok: Berserk           |     2 |     1 ||     3
  Use: Scroll            |       |     4 ||     4
 Stab: Sleeping          |     1 |       ||     1
  Eat: Chunk             |    10 |     5 ||    15
Armor: Animal skin       |    12 |    11 ||    23
Dodge: Dodged            |    49 |    66 ||   115

Table legend:
 A = Non-vault XP
 B = Vault XP
 C = Vault XP percentage of total XP
 D = Non-vault monster count
 E = Vault monster count
 F = Vault count percentage of total count
                 A         B        C        D         E       F
            +---------+---------+-------+---------+---------+-------
      Total |     120 |       0 |   0.0 |      41 |       0 |   0.0
            +---------+---------+-------+---------+---------+-------
        D:1 |      54 |       0 |   0.0 |      22 |       0 |   0.0
        D:2 |      62 |       0 |   0.0 |      17 |       0 |   0.0
        D:3 |       4 |       0 |   0.0 |       2 |       0 |   0.0
            +---------+---------+-------+---------+---------+-------
